 Dungeon Crawl Stone Soup version 0.30-a0-737-gf23d94013f (webtiles) character file.

Game seed: 3693768308194464050

2864788 derval the Planerender (level 27, 249/249 HPs)
             Began as a Barachi Summoner on Jan 31, 2023.
             Was an Initiate of Gozag.
             Escaped with the Orb
             ... and 6 runes on Feb 1, 2023!
             The game lasted 06:36:59 (129119 turns).

derval the Planerender (Barachi Summoner)         Turns: 129119, Time: 06:36:59

Health: 249/249    AC: 29    Str: 13    XL:     27
Magic:  48/48      EV: 28    Int: 47    God:    Gozag
Gold:   8019       SH:  9    Dex: 13    Spells: 11/68 levels left

rFire   + + .      SeeInvis +    J - +5 hammer of Iquyprai {heavy, Contam rElec rN+++ Int+2}
rCold   + + +      Faith    .    a - +3 buckler {rC+ rF+}
rNeg    + + +      Spirit   .    j - +4 scale mail of Muociedi {Int+3 SInv}
rPois   +          Reflect  .    Y - +2 helmet of the Turtledove {Int+6}
rElec   +          Harm     .    X - +5 cloak of Tier {Slay+2}
rCorr   +          Rampage  .    c - +2 pair of gloves {hurl}
Will    ++...      Rage     3%   v - +0 pair of boots of the Moon {rC++ Int+2}
Stlth   +                        q - amulet "Odefuumu" {RegenMP rCorr}
HPRegen 0.61/turn                U - ring of Honesty {rElec rF+ EV+5 Str+2 Int+3}
MPRegen 0.71/turn                Z - ring of Beufye Fupn {+Blink Fly rPois EV+5 Int+3 Stlth+}

@: calling dragons, unable to hop, flying, studying Axes, slow
A: amphibious, slowness 1, strong legs 2, +LOS, berserk 1, passive freeze, wild
magic 1
0: Orb of Zot
}: 6/15 runes: serpentine, barnacled, silver, iron, obsidian, icy
a: Hop, Renounce Religion, Evoke Blink, Potion Petition, Call Merchant, Bribe
Branch


You escaped.
You worshipped Gozag.
Gozag was greatly pleased with you.
You visited 14 branches of the dungeon, and saw 74 of its levels.
You visited 1 bazaar.
You also visited: Ossuary, Gauntlet and Ice Cave.

You collected 45334 gold pieces.
You spent 12618 gold pieces at shops.
You paid 24697 gold pieces to Gozag.

Inventory:

Hand Weapons
 J - the +5 hammer of Iquyprai (weapon) {heavy, Contam rElec rN+++ Int+2}
   (You found it on level 6 of the Dungeon)

   Int:       It affects your intelligence (+2).
   rElec:     It insulates you from electricity.
   rN:        It renders you almost immune to negative energy.
   Contam:    It causes magical contamination when unequipped.
 K - the +4 staff of Dispater
   (You took it off Dispater on level 7 of the Iron City of Dis)

   Wielding it grants the ability to hurl damnation at the cost of health and
   magic, with strength depending on Evocations skill.
 O - the +7 lajatang of Order {silver, rMut}
   (You bought it in a shop on level 4 of the Depths)

   rMut:      It protects you from mutation.
Missiles
 r - 8 silver javelins (quivered)
 t - 21 javelins
Armour
 a - a +3 buckler of resistance (worn)
 c - a +2 pair of gloves of hurling (worn)
 j - the +4 scale mail of Muociedi (worn) {Int+3 SInv}
   (You bought it in a shop on level 4 of the Dungeon)

   Int:       It affects your intelligence (+3).
   SInv:      It lets you see invisible.
 v - the +0 pair of boots of the Moon (worn) {rC++ Int+2}
   (You bought it in a shop on level 10 of the Dungeon)

   Int:       It affects your intelligence (+2).
   rC:        It greatly protects you from cold.
 X - the +5 cloak of Tier (worn) {Slay+2}
   (You found it on level 5 of the Vaults)

   Slay:      It affects your accuracy & damage with ranged weapons and melee
   (+2).
 Y - the +2 helmet of the Turtledove (worn) {Int+6}
   (You acquired it in a bazaar)

   Int:       It affects your intelligence (+6).
Jewellery
 q - the amulet "Odefuumu" (around neck) {RegenMP rCorr}
   (You took it off a spriggan defender on level 2 of the Depths)

   [amulet of magic regeneration]

   It increases your rate of magic regeneration.
   rCorr:     It protects you from acid and corrosion.
 y - an amulet of regeneration
 C - the ring of Lycij {rPois MP+9}
   (You found it on level 7 of the Iron City of Dis)

   [ring of magical power]

   rPois:     It protects you from poison.
   MP:        It affects your magic capacity (+9).
 D - the necklace of Bloodlust {Fury *Rage Will++ Int-3 Slay+6}
   (You found it on level 7 of the Iron City of Dis)

   [amulet of nothing]

   Fury:      It extends the wearer's berserk rage when killing foes.
   Int:       It affects your intelligence (-3).
   Slay:      It affects your accuracy & damage with ranged weapons and melee
   (+6).
   *Rage:     It berserks you when you make melee attacks (+50% chance).
   Will:      It greatly increases your willpower.
 E - a +4 ring of slaying
 L - an amulet of guardian spirit
 P - a ring of see invisible
 U - the ring of Honesty (left hand) {rElec rF+ EV+5 Str+2 Int+3}
   (You took it off a deep elf high priest on level 5 of the Vaults)

   [ring of evasion]

   EV:        It affects your evasion (+5).
   Str:       It affects your strength (+2).
   Int:       It affects your intelligence (+3).
   rF:        It protects you from fire.
   rElec:     It insulates you from electricity.
 Z - the ring of Beufye Fupn (right hand) {+Blink Fly rPois EV+5 Int+3 Stlth+}
   (You bought it in a shop on level 2 of the Orcish Mines)

   [ring of evasion]

   EV:        It affects your evasion (+5).
   Int:       It affects your intelligence (+3).
   rPois:     It protects you from poison.
   Fly:       It grants you flight.
   +Blink:    It lets you blink.
   Stlth:     It makes you more stealthy.
Wands
 k - a wand of paralysis (55)
 u - a wand of mindburst (12)
 A - a wand of digging (7)
 H - a wand of flame (71)
 N - a wand of iceblast (33)
 R - a wand of light (8)
 S - a wand of polymorph (21)
Scrolls
 g - 28 scrolls of teleportation
 w - 10 scrolls of magic mapping
 x - a scroll of butterflies
 z - 5 scrolls of blinking
 B - 13 scrolls of fear
 F - 4 scrolls of silence
 I - a scroll of enchant armour
 Q - 9 scrolls of fog
 T - a scroll of enchant weapon
Potions
 b - 4 potions of magic
 e - 10 potions of cancellation
 f - 5 potions of mutation {!q}
 h - 14 potions of heal wounds
 i - 36 potions of curing {@q1}
 l - 5 potions of brilliance
 m - a potion of berserk rage
 n - 6 potions of resistance
 o - 5 potions of haste
 p - a potion of flight
 s - 13 potions of ambrosia
 M - 4 potions of might
Miscellaneous
 d - the horn of Geryon
 G - a tin of tremorstones (2/2)


   Skills:
 O Level 27 Fighting
 - Level 5.0 Throwing
 - Level 15.0 Armour
 + Level 24.5 Dodging
 - Level 5.0 Stealth
 - Level 8.0 Shields
 - Level 24.0 Unarmed Combat
 - Level 21.0 Spellcasting
 O Level 27 Summonings
 - Level 12.0 Translocations
 + Level 21.7 Transmutations
 + Level 21.7 Air Magic


You had 11 spell levels left.
You knew the following spells:

 Your Spells              Type           Power      Damage    Failure   Level
a - Swiftness             Air            100%       N/A       1%          3
b - Call Canine Familiar  Summ           100%       N/A       1%          3
c - Summon Guardian Gole  Hex/Summ       100%       N/A       1%          3
d - Summon Lightning Spi  Summ/Air       100%       N/A       1%          4
e - Summon Forest         Summ/Tloc      70%        N/A       1%          5
f - Monstrous Menagerie   Summ           78%        N/A       1%          7
g - Manifold Assault      Tloc           100%       N/A       1%          4
h - Storm Form            Tmut/Air       73%        N/A       1%          7
i - Wereblood             Tmut           100%       N/A       1%          2
j - Dragon's Call         Summ           78%        N/A       3%          9
k - Airstrike             Air            73%        2d(11-27) 1%          4
l - Summon Cactus Giant   Summ           78%        N/A       1%          6

Your spell library contained the following spells:

 Spells                   Type           Power      Damage    Failure   Level
 Apportation              Tloc           100%       N/A       1%          1
 Beastly Appendage        Tmut           100%       N/A       1%          1
 Shock                    Conj/Air       100%       1d9       1%          1
 Summon Small Mammal      Summ           100%       N/A       1%          1
 Blink                    Tloc           100%       N/A       1%          2
 Call Imp                 Summ           100%       N/A       1%          2
 Cigotuvi's Dreadful Rot  Necr/Pois/Air  100%       N/A       1%          2
 Lesser Beckoning         Tloc           100%       N/A       1%          2
 Passwall                 Tmut/Erth      95%        N/A       1%          2
 Poisonous Vapours        Pois/Air       100%       N/A       1%          2
 Static Discharge         Conj/Air       100%       2-7/arc   1%          2
 Gell's Gravitas          Tloc           100%       N/A       1%          3
 Ignite Poison            Fire/Tmut/Pois 100%       N/A       1%          3
 Kindle Blastsparks       Fire/Tloc/Air  100%       2d18      1%          3
 Mephitic Cloud           Conj/Pois/Air  100%       N/A       1%          3
 Portal Projectile        Hex/Tloc       100%       N/A       1%          3
 Spider Form              Tmut/Pois      100%       N/A       1%          3
 Teleport Other           Tloc           100%       N/A       1%          3
 Vhi's Electric Charge    Tloc/Air       100%       N/A       1%          3
 Animate Armour           Summ/Erth      100%       N/A       1%          4
 Ice Form                 Ice/Tmut       100%       N/A       1%          4
 Alistair's Intoxication  Tmut/Pois      76%        N/A       1%          5
 Arcjolt                  Conj/Air       57%        1d67      1%          5
 Blade Hands              Tmut           73%        N/A       1%          5
 Lightning Bolt           Conj/Air       57%        1d80      1%          5
 Summon Mana Viper        Hex/Summ       100%       N/A       1%          5
 Foxfire                  Conj/Fire      100%       2x1d9     2%          1
 Magic Dart               Conj           100%       1d8       2%          1
 Necrotise                Necr           100%       1d9       2%          1
 Slow                     Hex            100%       N/A       2%          1
 Iskenderun's Mystic Bla  Conj/Tloc      95%        2d18      2%          4
 Dispersal                Tloc           59%        N/A       2%          6
 Ensorcelled Hibernation  Hex/Ice        100%       N/A       3%          2
 Scorch                   Fire           100%       2d10      3%          2
 Searing Ray              Conj           100%       2d8       3%          2
 Freezing Cloud           Conj/Ice/Air   50%        6-21      3%          5
 Conjure Ball Lightning   Conj/Air       57%        3x3d21    4%          6
 Eringya's Noxious Bog    Tmut/Pois      57%        N/A       4%          6
 Confusing Touch          Hex            59%        N/A       6%          3
 Dazzling Flash           Conj/Hex       100%       N/A       6%          3
 Inner Flame              Hex/Fire       59%        N/A       6%          3
 Ozocubu's Armour         Ice            59%        N/A       6%          3
 Stone Arrow              Conj/Erth      100%       3d13      6%          3
 Tukima's Dance           Hex            59%        N/A       6%          3
 Vampiric Draining        Necr           59%        2d10      6%          3
 Haunt                    Necr/Summ      62%        N/A       7%          7
 Spellforged Servitor     Conj/Summ      62%        N/A       7%          7
 Anguish                  Hex/Necr       29%        N/A       19%         4
 Dispel Undead            Necr           59%        3d21      19%         4
 Flame Wave               Conj/Fire      59%        2d14      19%         4
 Fulminant Prism          Conj/Hex       29%        3d13      19%         4
 Olgreb's Toxic Radiance  Pois           59%        N/A       19%         4
 Sticky Flame             Conj/Fire      59%        2d7       19%         4
 Agony                    Necr           59%        N/A       43%         5
 Borgnjor's Vile Clutch   Necr/Erth      29%        N/A       43%         5
 Fireball                 Conj/Fire      29%        3d13      43%         5
 Iskenderun's Battlesphe  Conj           59%        2d11      43%         5
 Lee's Rapid Deconstruct  Erth           29%        3d15*     43%         5
 Metabolic Englaciation   Hex/Ice        29%        N/A       43%         5
 Death Channel            Necr           29%        N/A       93%         6
 Iron Shot                Conj/Erth      29%        9d6       93%         6
 Starburst                Conj/Fire      29%        6d9       93%         6
 Enfeeble                 Hex            29%        N/A       100%        7
 Orb of Destruction       Conj           29%        9d9       100%        7
 Ozocubu's Refrigeration  Ice            29%        4d14      100%        7
 Ignition                 Fire           29%        3d9       100%        8
 Infestation              Necr           29%        N/A       100%        8
 Lehudib's Crystal Spear  Conj/Erth      29%        10d8      100%        8
 Chain Lightning          Conj/Air       57%        3d76      100%        9
 Fire Storm               Conj/Fire      29%        8d8       100%        9
 Polar Vortex             Ice            29%        N/A       100%        9
 Shatter                  Erth           29%        3d24*     100%        9
 Animate Dead             Necr           Unusable   N/A       N/A         4
 Simulacrum               Ice/Necr       Unusable   N/A       N/A         6

Dungeon Overview and Level Annotations

Branches:
Dungeon (15/15)            Temple (0/1) D:4            Lair (5/5) D:10
 Shoals (4/4) Lair:2        Snake (4/4) Lair:2        Slime (0/5) Lair:4
    Orc (2/2) D:10            Elf (3/3) Orc:2        Vaults (5/5) D:14
  Crypt (0/3) Vaults:2     Depths (4/4) D:15           Hell (visited)
    Dis (7/7) Hell            Geh (7/7) Hell            Coc (7/7) Hell
    Tar (5/7) Hell            Zot (5/5) Depths:4    Ossuary (visited)
  IceCv (visited)         Gauntlet (visited)

Altars:
Cheibriados
Elyvilon
Fedhas
Gozag
Makhleb
Okawaru
Ru
Sif Muna
Trog
Uskayaw
Vehumet
Yredelemnul
Zin
Jiyva

Shops:
D:2 ((=?[   D:4 *   D:6 :   D:10 :[([(   Orc:2 *!(*!   Elf:2 (   Shoals:1 !
Shoals:2 *?   Snake:3 ?*[   Vaults:1 ((*   Vaults:3 :   Vaults:4 :   Depths:2 :
Depths:4 [((?([

Portals:
Hell: Depths:1 Depths:2 Depths:3 Depths:4
Abyss: Depths:3
Pandemonium: Depths:2
Ziggurat: Depths:3
Bazaar: Snake:3

Annotations:
D:7 2 transporters, mrw0lf's ghost, novice HOFi
Depths:2 2 transporters, Nuommo Isia's ghost, journeyman GrFi
Geh:3 9 runed translucent doors


Innate Abilities, Weirdness & Mutations

You are amphibious.
You cover ground slowly.
You can hop long distances.
You have an extended range of vision and can be seen from far away.
You sometimes lose your temper in combat.
A frigid envelope surrounds you and freezes all who hurt you.
Your spells are a little harder to cast, but a little more powerful.


Message History

There is an open door here.
Your quicksilver dragon disappears in a puff of smoke!
Casting: Dragon's Call (dangerous; 3% risk of failure)
Confirm with . or Enter, or press ? or * to list all spells.
You don't know that spell.
Unknown command.
Aiming: Dig
Press: ? - help, Shift-Dir - straight line A rock wall.
This square is covered in magical glow.
The rock shatters into small pieces.
A large abomination comes into view.
A dragon arrives to answer your call!
An Executioner comes into view.
Hop to where?
Press: ? - help, Dir - move target Boing!
The Executioner hits your iron dragon but does no damage. x2
The Executioner hits your iron dragon!
Your iron dragon closely misses the large abomination.
Your iron dragon claws the large abomination but does no damage.
Your iron dragon tramples the large abomination!!
The large abomination stumbles backwards!
The Executioner hits your iron dragon!
The Executioner barely misses your iron dragon.
The Executioner hits your iron dragon but does no damage.
A dragon arrives to answer your call!
Something hits your iron dragon but does no damage. x5
Something hits your iron dragon. Something hits your fire dragon.
Something hits your fire dragon!!
Something barely misses your fire dragon.
Something hits your fire dragon. Something hits your fire dragon.
Something barely misses your fire dragon.
Something hits your fire dragon but does no damage.
Something hits your fire dragon.
Something hits your fire dragon but does no damage. x2
There is an open door here.
There is a staircase leading out of the dungeon here.
You have escaped!

## #....###..#.....#.####....#
#....#...######.#....#....####
#...##.###......#.##.##...#..#
#..'##...#.######.##..#'..#..#
#..#.###.#....# #.###..#..#..#
#.##...#.####.###.#######.#.D.
#.####.#.####'##..D######.#.##
#.####.#...'...'.#.....##.#.#
#
#.'..#.#####.@.####.DD..'.X.#
#
#.##.....#.+...'.....####1#.#
#
#.######...##+####.#.####.#.##
#
#.###########.####.#...##.#...
#
#..#..###........#.###.#..####
# #..'#..##.######.#...##'..#
# #
#...##.##.#......###.##...# #
# #....#....#.######...#....#
# #
#....######.....#..###....####


You could see a friendly iron dragon (summoned).

Vanquished Creatures
  Antaeus (Coc:7)
  Asmodeus (Geh:7)
  2 dread liches
  An orb of fire (Zot:5)
  6 shard shrikes (Coc:6)
  A Killer Klown (Zot:5)
  4 golden dragons
  A curse toe (Zot:3)
  6 caustic shrikes
  4 bone dragons
  A doom hound (Hell)
  3 hellephants
  7 Tzitzimimeh
  A spectral shard shrike (Tar:2)
  2 Brimstone Fiends
  2 Hell Sentinels
  2 tainted leviathans (Tar:2)
  4 tentacled monstrosities
  3 Orb Guardians (Zot:5)
  3 Ice Fiends
  2 liches (Depths:2)
  3 searing wretches
  3 titans
  2 quicksilver dragons
  2 death cobs
  A sphinx (Vaults:5)
  3 tengu reavers
  4 shadow dragons
  4 storm dragons
  4 azure jellies (Coc:7)
  A draconian monk (Zot:5)
  3 fire giants
  A draconian knight (Zot:1)
  A deep elf sorcerer (Vaults:5)
  2 narguns (Coc:7)
  3 ghost moths
  2 frost giants
  3 vault wardens (Vaults:5)
  A spectral caustic shrike (Tar:2)
  An iron dragon (Dis:6)
  2 draconian scorchers
  2 shard shrike simulacra (Coc:5)
  2 war gargoyles (Vaults:5)
  2 draconian shifters
  2 draconian stormcallers
  A reaper (Zot:1)
  2 ironbound preservers
  A very ugly thing (Depths:4)
  2 spriggan defenders
  A draconian annihilator (Zot:2)
  4 stone giants
  5 elemental wellsprings
  2 green draconians
  2 yellow draconians (Zot:3)
  3 purple draconians
  3 black draconians
  5 putrid mouths
  A deep elf demonologist (Vaults:5)
  A red draconian (Zot:1)
  2 wendigos
  An eidolon (Tar:2)
  3 ettins (Vaults:5)
  A spectral spriggan (Tar:2)
  A great orb of eyes (shapeshifter) (Vaults:5)
  An iron golem (Dis:1)
  A yaktaur captain (Vaults:5)
  2 ice dragons
  6 caustic shrike simulacra
  17 vault guards
  2 juggernaut simulacra
  2 ironbound frosthearts (Vaults:3)
  A stoker (Geh:5)
  A satyr (Shoals:3)
  An ogre mage (Vaults:5)
  2 deep troll earth magi
  4 hell hogs (Geh:5)
  A spriggan berserker (Depths:3)
  2 hell knights
  A crystal echidna (Dis:1)
  A spectral dire elephant (Tar:2)
  A sun demon (Hell)
  An iron troll (Vaults:5)
  10 deep trolls
  2 quicksilver dragon simulacra
  A tengu zombie (Vaults:3)
  A deep elf zephyrmancer (Elf:1)
  6 harpies
  A mana viper (shapeshifter) (Vaults:5)
  3 nameless horrors
  An ugly thing (IceCv)
  A necromancer (Depths:2)
  A faun (shapeshifter) (Vaults:5)
  An elephant (Lair:2)
  A guardian serpent (shapeshifter) (Vaults:5)
  7 moths of wrath
  A rust devil (Hell)
  A black mamba (Snake:3)
  An ice statue (Coc:7)
  A torpor snail (shapeshifter) (Vaults:5)
  5 yaktaurs (Vaults:5)
  3 unseen horrors
  A tormentor (Dis:1)
  A golden dragon simulacrum (Coc:5)
  A meliai (Lair:5)
  A merfolk (Shoals:3)
  A silent spectre (Tar:5)
  A hornet (Vaults:5)
  A slime creature (Vaults:3)
  A water elemental (Elf:1)
  5 yaks
  A dire elephant simulacrum (Coc:7)
  A redback (Lair:3)
  3 harpy simulacra
  A human zombie (Hell)
  A naga (Snake:4)
  A black bear (D:7)
  An ettin simulacrum (Coc:7)
  A centaur (D:10)
  A wolf (Lair:1)
  A tengu (shapeshifter) (Depths:3)
  A phantom (D:4)
  An elf zombie (Ossuary)
  A bullfrog (D:8)
  5 wights (D:8)
  A killer bee (D:9)
  2 centaur zombies (Ossuary)
  2 hounds
  3 orc wizards
  A killer bee zombie (D:8)
  An adder (D:3)
  A shadow imp (D:7)
  2 orcs
  2 bats
  2 endoplasms (D:4)
  A giant cockroach (D:4)
  4 hobgoblins
  4 kobolds
  4 quokkas
  5 ball pythons
  5 frilled lizards
  3 goblins (D:3)
  5 rats
  A creeping inferno (Geh:5)
  4 fire vortices (Geh:5)
333 creatures vanquished.

Vanquished Creatures (collateral kills)
  3 dread liches
  Dispater (Dis:7)
  5 ancient liches
  3 orbs of fire
  Mara (Depths:1)
  3 juggernauts
  Sojobo (Depths:1)
  Boris (Vaults:2)
  6 Killer Klowns
  Margery (Depths:2)
  Vashnia (Snake:4)
  16 shard shrikes
  17 golden dragons
  27 caustic shrikes
  Nikola (Snake:1)
  Geryon (Hell)
  A curse toe (Zot:2)
  A pandemonium lord (Zot:4)
  3 profane servitors
  4 bone dragons
  6 Tzitzimimeh
  2 electric golems (Zot:5)
  10 Brimstone Fiends
  A spectral shard shrike (Tar:2)
  4 doom hounds
  10 tentacled monstrosities
  9 iron giants
  14 hellephants
  A walking crystal tome (Depths:3)
  4 tainted leviathans
  Jorgrun (D:12)
  Mlioglotl (Shoals:2)
  The ghost of conein the Tortoise, an adept AtFi of Fedhas (Depths:1)
  15 Ice Fiends
  Asterion (Snake:1)
  4 liches
  27 Hell Sentinels
  3 deep elf blademasters
  4 quicksilver dragons
  15 searing wretches
  30 Orb Guardians
  Polyphemus (Shoals:2)
  11 titans
  Grunn (Zot:2)
  4 sphinxes
  2 deep elf master archers (Elf:3)
  23 ancient champions
  An Executioner (Zot:3)
  A sphinx (shapeshifter) (Depths:3)
  Frances (Elf:1)
  18 storm dragons
  8 death cobs
  Donald (Shoals:3)
  9 draconian knights
  Kirke (Shoals:2)
  8 shadow dragons
  9 tengu reavers
  11 azure jellies
  Ilsuiw (Shoals:3)
  12 narguns
  A daeva (Depths:3)
  7 draconian monks
  5 nagarajas
  20 fire giants
  The ghost of Ucwof the Brawler, a journeyman TrCA of Jiyva (D:15)
  18 frost giants
  24 balrugs
  8 deep elf sorcerers
  10 iron dragons
  Aizul (Snake:1)
  6 shard shrike simulacra
  2 angels
  2 draconian scorchers
  2 orc warlords
  3 draconian shifters
  5 quicksilver elementals
  The ghost of initializr the Severer, an adept MeBe of Trog (Orc:1)
  The ghost of Enlostror the Severer, an adept MeBe of Trog (Orc:1)
  3 cacodemons
  A spectral caustic shrike (Tar:4)
  A caustic shrike zombie (Hell)
  Louise (Elf:1)
  16 vault wardens
  5 deep elf elementalists
  2 spectral juggernauts (Tar:4)
  3 draconian stormcallers
  13 ironbound preservers
  4 reapers
  5 draconian annihilators
  22 very ugly things
  4 spriggan defenders
  14 stone giants
  The ghost of MoonlitKnight the Severer, a journeyman HOMo of Beogh (Lair:5)
  9 putrid mouths
  32 war gargoyles
  25 elemental wellsprings
  13 green draconians
  The ghost of Zigemok the Imperceptible, a journeyman SpEn of Dithmenos (Shoals:1)
  6 ironbound thunderhulks
  6 deep elf demonologists (Elf:3)
  A spectral titan (Tar:2)
  5 black draconians
  17 wendigos
  15 dire elephants
  9 red draconians
  4 deep elf annihilators (Elf:3)
  4 vampire knights
  5 spark wasps
  11 yellow draconians
  15 white draconians
  2 minotaurs
  11 purple draconians
  7 deep elf death magi
  4 eidola
  A spectral quicksilver dragon (Tar:4)
  19 ettins
  10 iron golems
  6 nameless horrors
  2 green deaths (Snake:1)
  5 deep elf high priests
  3 crystal guardians
  8 merfolk javelineers
  2 blizzard demons (Hell)
  A jiangshi (Vaults:2)
  3 spriggan zombies (Hell)
  6 merfolk impalers
  12 ice dragons
  8 great orbs of eyes
  2 spectral spriggans
  3 rakshasas (Depths:1)
  9 salamander tyrants
  8 caustic shrike simulacra
  10 fire dragons
  2 spriggan skeletons (Hell)
  17 vault guards
  20 yaktaur captains
  5 peacekeepers
  5 ogre magi
  4 hydras
  2 satyrs
  8 juggernaut simulacra
  6 spriggan air magi
  11 ironbound frosthearts
  7 stokers
  An alligator snapping turtle (Shoals:2)
  2 merfolk avatars (Shoals:4)
  2 hell beasts (Hell)
  7 anacondas
  2 catoblepae
  5 boulder beetles
  20 naga warriors
  11 deep troll shamans
  8 merfolk aquamancers
  9 two-headed ogres
  25 dancing weapons
  9 death yaks
  4 tengu warriors
  22 hell hogs
  11 centaur warriors
  3 vampire magi
  8 deep troll earth magi
  9 spriggan berserkers
  4 shock serpents
  18 naga sharpshooters
  A spectral storm dragon (Tar:1)
  5 spectral dire elephants
  8 soul eaters
  5 salamander mystics
  A spectral death yak (Lair:5)
  2 sun demons (Hell)
  15 crystal echidnas
  15 deep elf knights
  A titan skeleton (Hell)
  11 hell knights
  9 skeletal warriors
  A spectral bunyip (Tar:1)
  6 sea snakes
  4 spectral anacondas
  6 glowing orange brains
  5 sixfirhies
  A golden dragon zombie (Hell)
  2 large abominations
  2 flayed ghosts
  7 iron trolls
  4 shadow wraiths
  5 quicksilver dragon simulacra
  35 deep trolls
  A spectral iron dragon (Tar:1)
  An obsidian statue (Lair:5)
  4 kraken simulacra (Coc:7)
  7 spriggan simulacra
  7 lindwurms
  2 shadow demons
  2 tengu zombies (Hell)
  6 wizards
  10 mana vipers
  5 deep elf archers
  23 deep elf zephyrmancers
  6 orc knights
  5 phantasmal warriors
  A sphinx zombie (Hell)
  A mana viper (shapeshifter) (Vaults:5)
  A fenstrider witch simulacrum (Coc:2)
  10 naga ritualists
  An orange crystal statue (IceCv)
  16 harpies
  A wolf spider (shapeshifter) (Depths:2)
  18 ironbound convokers
  An oklob plant (Lair:5)
  19 deep elf pyromancers
  16 necromancers
  A tengu skeleton (Vaults:2)
  2 stone giant zombies
  3 spectral ettins
  10 cyclopes
  2 wolf spiders
  8 fauns
  13 manticores
  A fire giant zombie (Hell)
  42 ugly things
  7 elephants
  11 salamanders
  7 guardian serpents (Snake:4)
  28 moths of wrath
  15 merfolk sirens
  Maurice (Orc:2)
  30 black mambas
  A spectral centaur (Tar:1)
  A dire elephant zombie (Hell)
  19 vault sentinels
  6 water nymphs
  12 molten gargoyles
  17 naga magi
  3 centaur skeletons (Hell)
  An ice statue (Coc:7)
  An unseen horror (D:11)
  4 smoke demons (Hell)
  2 titan simulacra
  12 cane toads
  An orange demon (Depths:4)
  A dire elephant skeleton (Lair:5)
  3 gargoyles
  19 rime drakes (IceCv)
  4 komodo dragons
  An efreet (Gauntlet)
  9 freezing wraiths
  22 hellions
  A bunyip simulacrum (Hell)
  2 anaconda simulacra
  3 golden dragon simulacra
  32 yaktaurs
  8 tormentors
  5 tengu conjurers
  5 spectral harpies
  11 trolls
  4 iron giant simulacra
  A silent spectre (Tar:4)
  2 red devils
  2 queen bees (Lair:5)
  12 hornets
  8 meliai
  Grinder (D:6)
  6 wind drakes
  12 polar bears
  A tarantella (Lair:3)
  26 merfolk
  A spectral elephant (Lair:5)
  A dream sheep (shapeshifter) (Elf:1)
  25 dream sheep
  13 blink frogs
  3 centaur simulacra (D:15)
  A culicivora (shapeshifter) (Elf:1)
  9 slime creatures
  12 snapping turtles
  2 air elementals
  A stone giant simulacrum (Coc:1)
  A spectral black mamba (Tar:1)
  2 vampires (D:12)
  A naga simulacrum (Coc:7)
  3 shadows
  4 wraiths
  2 wyverns
  8 spriggans
  13 water elementals
  58 yaks
  5 fire elementals
  A neqoxec (Zot:4)
  6 dire elephant simulacra
  4 basilisks
  An alligator snapping turtle simulacrum (Coc:3)
  5 hogs (Shoals:3)
  10 vampire mosquitoes
  A chaos spawn (Depths:2)
  4 redbacks
  2 wargs
  An ogre zombie (Vaults:3)
  A steam dragon (D:8)
  An elf skeleton (Vaults:2)
  58 nagas
  13 harpy simulacra
  4 hydra simulacra
  A swamp worm (shapeshifter) (Vaults:5)
  An acid dragon (D:11)
  2 glowing shapeshifter skeletons
  10 hell hounds
  17 water moccasins
  7 floating eyes
  A meliai simulacrum (D:15)
  An elephant zombie (Lair:5)
  3 ice beasts
  19 orc warriors
  7 ettin simulacra
  21 ogres
  A boggart (D:15)
  19 centaurs
  11 wolves
  4 elf zombies (Ossuary)
  Blork the orc (D:5)
  A phantom (D:6)
  11 bullfrogs
  3 kobold brigands
  2 wyvern zombies (D:8)
  A necrophage (D:5)
  A gnoll sergeant (D:13)
  3 scorpions
  An earth elemental (Elf:3)
  A cane toad simulacrum (Lair:5)
  A demonspawn simulacrum (Coc:1)
  A wight (D:9)
  Dowan (D:6)
  34 killer bees
  A swamp dragon simulacrum (Hell)
  2 howler monkeys
  A jelly (D:5)
  4 lava snakes
  2 human zombies
  5 hounds
  5 centaur zombies
  8 orc priests
  Crazy Yiuf (D:6)
  5 iguanas
  4 hell rats (Hell)
  19 orc wizards
  A killer bee zombie (D:8)
  3 mummies (Ossuary)
  Robin (D:3)
  7 gnolls
  An adder (D:6)
  2 white imps (D:15)
  An ufetubus (D:6)
  2 worms
  A dart slug (D:2)
  59 orcs
  4 ball pythons
  A bat (D:1)
  4 endoplasms
  2 giant cockroaches
  5 goblins
  7 hobgoblins
  2 quokkas
  A frilled lizard (D:1)
  10 kobolds
  A rat (D:3)
  8 creeping infernos
  38 fire vortices
  2 lurking horrors (Geh:3)
  A snaplasher vine (Shoals:2)
  A tentacle (Coc:7)
2645 creatures vanquished.

Vanquished Creatures (others)
  An ancient lich (Vaults:5)
  A caustic shrike (Dis:6)
  A hellephant (Geh:6)
  An Ice Fiend (Coc:6)
  A lich (Depths:2)
  A deep elf blademaster (Elf:2)
  A draconian scorcher (Zot:4)
  2 shard shrike simulacra
  2 wendigos
  2 salamander tyrants (Geh:7)
  4 caustic shrike simulacra
  The ghost of Ge0ff the Thaumaturge, a novice DECA of Ignis (D:9)
  A deep troll (Vaults:2)
  A quicksilver dragon simulacrum (Coc:4)
  A wizard (Vaults:2)
  A spriggan simulacrum (Coc:3)
  Pikel (D:6)
  A deep elf zephyrmancer (Elf:1)
  A wolf spider (Lair:3)
  A guardian serpent (Snake:4)
  A naga mage (Snake:3)
  A titan simulacrum (Coc:3)
  A yaktaur (Vaults:2)
  2 anaconda simulacra
  An iron giant simulacrum (Coc:3)
  A stone giant simulacrum (Coc:3)
  A snapping turtle (Shoals:4)
  5 yaks
  An alligator snapping turtle simulacrum (Coc:1)
  A golden eye (shapeshifter) (Elf:1)
  A steam dragon (D:6)
  4 harpy simulacra
  Duvessa (D:6)
  3 ettin simulacra
  A centaur (D:14)
  2 wights (D:9)
  A killer bee (D:9)
  5 creeping infernos (Geh:3)
  29 fire vortices
  39 fungi
  2 lurking horrors (Geh:3)
  237 plants
  39 snaplasher vines
  19 tentacles (Coc:7)
  35 withered plants (Lair:5)
459 creatures vanquished.

Grand Total: 3437 creatures vanquished

Notes
Turn   | Place    | Note
-------+----------+-------------------------------------------
     0 | D:1      | derval the Barachi Summoner began the quest for the Orb.
     0 | D:1      | Reached XP level 1. HP: 13/13 MP: 3/3
    36 | D:1      | Reached skill level 5 in Summonings
   355 | D:1      | Reached XP level 2. HP: 19/19 MP: 5/5
  1111 | D:2      | Found Eqolufim's Jewellery Shop.
  1169 | D:2      | Found Uweuxaokk's Magic Scroll Shoppe.
  1177 | D:2      | Found Ravo's Armour Shoppe.
  1200 | D:2      | Reached XP level 3. HP: 18/24 MP: 2/6
  1207 | D:2      | Learned a level 3 spell: Call Canine Familiar
  1429 | D:2      | Found Omober's Weapon Boutique.
  1460 | D:2      | Found Kaafero's Weapon Shoppe.
  1852 | D:3      | Reached XP level 4. HP: 17/30 MP: 5/7
  2135 | D:3      | Noticed Robin
  2161 | D:3      | Killed Robin
  2536 | D:3      | Noticed a scorpion
  2557 | D:3      | Killed a scorpion
  2558 | D:3      | Reached XP level 5. HP: 24/35 MP: 1/8
  2638 | D:3      | Found a sacrificial altar of Ru.
  2673 | D:3      | Found a faded altar of an unknown god.
  2863 | D:4      | Found an iron altar of Okawaru.
  2985 | D:4      | Noticed a phantom
  3012 | D:4      | Killed a phantom
  3013 | D:4      | Reached XP level 6. HP: 41/41 MP: 3/9
  3288 | D:4      | Found Gozag's Platinum Reserve.
  3290 | D:4      | Found an opulent altar of Gozag.
  3299 | D:4      | Became a worshipper of Gozag Ym Sagoz the Greedy
  3411 | D:4      | Found a glowing silver altar of Zin.
  3423 | D:4      | Found a staircase to the Ecumenical Temple.
  3776 | D:5      | Entered Level 5 of the Dungeon
  3905 | D:5      | Found a hide-covered altar of Uskayaw.
  3924 | D:5      | Reached skill level 10 in Summonings
  3924 | D:5      | Reached skill level 1 in Fighting
  3924 | D:5      | Reached XP level 7. HP: 48/48 MP: 8/10
  4046 | D:5      | Noticed Blork the orc
  4056 | D:5      | Killed Blork the orc
  4184 | D:5      | Learned a level 3 spell: Summon Guardian Golem
  4632 | D:5      | Reached skill level 5 in Fighting
  4869 | D:5      | Reached XP level 8. HP: 64/64 MP: 11/11
  4903 | D:5      | Learned a level 4 spell: Summon Lightning Spire
  4934 | D:5      | Found a bloodstained altar of Trog.
  5055 | D:6      | Found a blossoming altar of Fedhas.
  5330 | D:6      | Noticed Grinder
  5347 | D:6      | Killed Grinder
  5348 | D:6      | Reached skill level 1 in Air Magic
  5474 | D:6      | Found Bowocw's Book Shop.
  5493 | D:6      | Noticed Dowan
  5496 | D:6      | Noticed Duvessa
  5504 | D:6      | Killed Dowan
  5507 | D:6      | Killed Duvessa
  5691 | D:6      | Noticed Pikel
  5715 | D:6      | Killed Pikel
  5716 | D:6      | Reached XP level 9. HP: 74/74 MP: 10/12
  5880 | D:6      | Reached skill level 5 in Air Magic
  6097 | D:6      | Found a runed translucent door.
  6098 | D:6      | Noticed Crazy Yiuf
  6290 | D:6      | Got Mara's Vellum of Sidekicks
  6399 | D:6      | Found a radiant altar of Vehumet.
  6431 | D:6      | Killed Crazy Yiuf
  6438 | D:6      | Identified the +5 hammer of Iquyprai {heavy, Contam rElec
                  | rN+++ Int+2}
  6743 | D:7      | Found a sand-covered staircase.
  6780 | Ossuary  | Entered an ossuary
  7784 | D:7      | Found a shimmering blue altar of Sif Muna.
  8014 | D:7      | Noticed mrw0lf's ghost (novice HOFi)
  8015 | D:7      | Noticed a two-headed ogre
  8017 | D:7      | Found a bloodstained altar of Trog.
  8021 | D:7      | Found a transporter.
  8025 | D:7      | Found a transporter.
  8027 | D:7      | Noticed a moth of wrath
  8040 | D:7      | Reached XP level 10. HP: 80/80 MP: 9/13
  8053 | D:7      | Found a burning altar of Makhleb.
  9343 | D:8      | Learned a level 3 spell: Swiftness
 10426 | D:9      | Found a basalt altar of Yredelemnul.
 10482 | D:9      | Found a white marble altar of Elyvilon.
 10512 | D:9      | Found a runed translucent door.
 10512 | D:9      | Noticed Ge0ff's ghost (novice DECA)
 10839 | D:9      | Reached skill level 10 in Air Magic
 10966 | D:9      | Noticed a purple ugly thing
 10976 | D:9      | Killed a purple ugly thing
 10977 | D:9      | Reached skill level 5 in Spellcasting
 11519 | D:9      | Killed Ge0ff's ghost
 11520 | D:9      | Reached XP level 11. HP: 80/86 MP: 13/18
 11679 | D:10     | Entered Level 10 of the Dungeon
 11679 | D:10     | Found Foqig's Antique Armour Emporium.
 11683 | D:10     | Noticed a two-headed ogre
 11691 | D:10     | Killed a two-headed ogre
 11701 | D:10     | Found Kiosusuc's Antique Weapon Boutique.
 11858 | D:10     | Found a staircase to the Orcish Mines.
 11903 | D:10     | Found a staircase to the Lair.
 11912 | D:10     | Found Lismunu's Antique Weapon Boutique.
 12018 | D:10     | Reached skill level 15 in Summonings
 12287 | D:10     | Found Tecaxos's Book Shoppe.
 12297 | D:10     | Bought a book of the Wilderness for 532 gold pieces
 12418 | D:10     | Found Qymihiw's Armour Emporium.
 12427 | D:10     | Bought the +0 pair of boots of the Moon {rC++ Int+2} for
                  | 498 gold pieces
 12696 | D:10     | Learned a level 5 spell: Summon Forest
 12737 | D:11     | Reached skill level 1 in Shields
 12890 | D:11     | Found the amulet of the Air {Inacc Air Fly rElec RMsl}
 13113 | D:11     | Found a gate leading to a gauntlet.
 13117 | Gauntlet | Entered a Gauntlet
 13117 | Gauntlet | Found a transporter.
 13158 | Gauntlet | Found a transporter.
 13172 | Gauntlet | Found a transporter.
 13174 | Gauntlet | Found a transporter.
 13182 | Gauntlet | Noticed a quicksilver ooze
 13188 | Gauntlet | Found a transporter.
 13205 | Gauntlet | Found a transporter.
 13206 | Gauntlet | an eye of devastation changed into a sea snake
 13206 | Gauntlet | Noticed a sea snake (shapeshifter)
 13213 | Gauntlet | a sea snake changed into a snapping turtle
 13214 | Gauntlet | Found a large runed translucent door.
 13215 | Gauntlet | Found a large runed translucent door.
 13215 | Gauntlet | Noticed a wolf spider
 13216 | Gauntlet | Found a large runed translucent door.
 13216 | Gauntlet | Found a large runed translucent door.
 13217 | Gauntlet | Found a runed translucent gate.
 13217 | Gauntlet | Noticed a moth of wrath
 13218 | Gauntlet | Found a transporter.
 13218 | Gauntlet | Found a runed translucent gate.
 13219 | Gauntlet | Found a runed translucent gate.
 13220 | Gauntlet | Found a large runed translucent door.
 13221 | Gauntlet | Found a large runed translucent door.
 13222 | Gauntlet | Found a large runed translucent door.
 13230 | Gauntlet | Found a large runed translucent door.
 13231 | Gauntlet | Found a large runed translucent door.
 13231 | Gauntlet | Found a large runed translucent door.
 13231 | Gauntlet | Found a runed translucent door.
 13231 | Gauntlet | Found a runed translucent door.
 13231 | Gauntlet | Found a large runed translucent door.
 13232 | Gauntlet | Found a large runed translucent door.
 13232 | Gauntlet | Found a large runed translucent door.
 13233 | Gauntlet | Found a large runed translucent door.
 13233 | Gauntlet | Found a large runed translucent door.
 13235 | Gauntlet | Found a transporter.
 13239 | Gauntlet | Found a transporter.
 13247 | Gauntlet | Found a transporter.
 13264 | Gauntlet | Found a transporter.
 13264 | Gauntlet | Found the +0 pair of fencer's gloves {Riposte Dex+3}
 13268 | Gauntlet | Found a transporter.
 13271 | Gauntlet | Found a large runed translucent door.
 13274 | Gauntlet | Noticed a shining eye
 13279 | Gauntlet | a shining eye changed into a shock serpent
 13279 | Gauntlet | Noticed a shock serpent (shapeshifter)
 13306 | Gauntlet | a shock serpent changed into a two-headed ogre
 13306 | Gauntlet | Noticed a two-headed ogre (shapeshifter)
 13359 | Gauntlet | Identified a scroll of acquirement
 13359 | Gauntlet | Acquired 949 gold pieces
 13369 | Gauntlet | Reached skill level 5 in Dodging
 13372 | Gauntlet | Identified the +1 hat of Experimentation {rElec rF- rN+}
 13487 | Gauntlet | Identified the +3 long sword "Beastslayer" {spect, rN+
                  | Will+}
 13701 | Gauntlet | Noticed a salamander
 13703 | Gauntlet | Noticed a broodmother
 13708 | Gauntlet | a broodmother changed into a fire dragon
 13708 | Gauntlet | Noticed a fire dragon (glowing shapeshifter)
 13714 | Gauntlet | a fire dragon changed into a tyrant leech
 13815 | Gauntlet | Killed a moth of wrath
 13817 | Gauntlet | Reached XP level 12. HP: 91/97 MP: 11/21
 13848 | Gauntlet | Identified the +8 quarterstaff "Naucitr Ilag" {antimagic,
                  | Int+3}
 14534 | Gauntlet | Identified the +8 flail of Domination {heavy, rF+ Str+5}
 14534 | Gauntlet | Noticed a minotaur
 14558 | Gauntlet | Killed a minotaur
 14559 | Gauntlet | Reached skill level 10 in Fighting
 14568 | Gauntlet | a wolf spider changed into a great orb of eyes
 14568 | Gauntlet | Noticed a great orb of eyes (shapeshifter)
 14575 | Gauntlet | a great orb of eyes changed into an ice dragon
 14575 | Gauntlet | Noticed an ice dragon (shapeshifter)
 15256 | D:6      | Bought an Inescapable Atlas for 352 gold pieces
 15363 | Lair:1   | Entered Level 1 of the Lair of Beasts
 15372 | Lair:1   | Reached skill level 5 in Shields
 15372 | Lair:1   | Reached skill level 1 in Transmutations
 16252 | Lair:1   | Acquired 473 gold pieces
 16316 | Lair:2   | Noticed a boulder beetle
 16324 | Lair:2   | Killed a boulder beetle
 16645 | Lair:2   | Reached skill level 5 in Transmutations
 16760 | Lair:2   | Found a staircase to the Snake Pit.
 17052 | Lair:2   | Found a staircase to the Shoals.
 17244 | Lair:2   | Gained mutation: You can hop long distances. [Barachi
                  | growth]
 17244 | Lair:2   | Reached XP level 13. HP: 103/103 MP: 21/25
 17769 | Lair:3   | Identified the +8 short sword "Uneu" {holy, Str+4 Stlth+}
 17807 | Lair:3   | Reached skill level 10 in Spellcasting
 17816 | Lair:3   | HP: 3/103 [cane toad (17)]
 18169 | Lair:3   | Found a snail-covered altar of Cheibriados.
 18964 | Lair:3   | Found a runed translucent door.
 19443 | Lair:3   | Found a runed translucent gate.
 19443 | Lair:3   | Found a runed translucent gate.
 19443 | Lair:3   | Found a runed translucent gate.
 19443 | Lair:3   | Found a runed translucent gate.
 19443 | Lair:3   | Found a runed translucent gate.
 19443 | Lair:3   | Found a runed translucent gate.
 19661 | Lair:3   | Learned a level 7 spell: Monstrous Menagerie
 20700 | Lair:4   | Found a viscous altar of Jiyva.
 20700 | Lair:4   | Found a staircase to the Slime Pits.
 20863 | Lair:5   | Entered Level 5 of the Lair of Beasts
 21197 | Lair:5   | Reached XP level 14. HP: 85/110 MP: 10/28
 21315 | Lair:5   | Noticed a dire elephant
 21315 | Lair:5   | Noticed a dire elephant
 21336 | Lair:5   | Noticed a dire elephant
 21347 | Lair:5   | Killed a dire elephant
 21722 | Lair:5   | Found a transporter.
 21725 | Lair:5   | Found a transporter.
 21726 | Lair:5   | Noticed MoonlitKnight's ghost (journeyman HOMo)
 22743 | Lair:5   | Reached skill level 10 in Transmutations
 23745 | Lair:5   | Killed a dire elephant
 23756 | Lair:5   | Killed a dire elephant
 24007 | Lair:5   | Killed MoonlitKnight's ghost
 24082 | Lair:5   | Identified the +1 robe of Untruth {rPois Str+5}
 24561 | Orc:1    | Entered Level 1 of the Orcish Mines
 25460 | D:12     | Noticed Jorgrun
 25465 | D:12     | Killed Jorgrun
 25466 | D:12     | Reached XP level 15. HP: 118/120 MP: 17/30
 28485 | D:14     | Found a gate to the Vaults.
 28854 | D:15     | Entered Level 15 of the Dungeon
 29126 | D:15     | Found a gateway to a bazaar.
 29130 | D:15     | Found a runed translucent gate.
 29130 | D:15     | Found a runed translucent gate.
 29130 | D:15     | Found a runed translucent gate.
 29136 | Bazaar   | Entered a bazaar
 29149 | Bazaar   | Found Joclyr's Distillery.
 29160 | Bazaar   | Bought a potion of mutation for 160 gold pieces
 29160 | Bazaar   | Bought a potion of curing for 60 gold pieces
 29160 | Bazaar   | Bought a potion of curing for 60 gold pieces
 29160 | Bazaar   | Bought a potion of curing for 60 gold pieces
 29171 | Bazaar   | Found Qiptasad's Distillery.
 29180 | Bazaar   | Bought a potion of mutation for 88 gold pieces
 29180 | Bazaar   | Bought a potion of mutation for 88 gold pieces
 29180 | Bazaar   | Bought a potion of magic for 88 gold pieces
 29180 | Bazaar   | Bought a potion of mutation for 88 gold pieces
 29180 | Bazaar   | Bought a potion of mutation for 88 gold pieces
 29193 | Bazaar   | Found Aproeloy's Magic Scroll Shop.
 29222 | Bazaar   | Found Momousta's Magic Scroll Shop.
 29226 | Bazaar   | Bought a scroll of amnesia for 36 gold pieces
 29226 | Bazaar   | Bought a scroll of enchant armour for 67 gold pieces
 29226 | Bazaar   | Bought a scroll of acquirement for 468 gold pieces
 29226 | Bazaar   | Bought a scroll of fear for 36 gold pieces
 29229 | Bazaar   | Acquired the +2 helmet of the Turtledove {Int+6}
 29291 | D:15     | Found a frozen archway.
 29310 | IceCv    | Entered an ice cave
 29439 | IceCv    | Reached XP level 16. HP: 122/127 MP: 9/32
 31197 | D:15     | Found a staircase to the Depths.
 31406 | D:15     | Noticed Ucwof's ghost (journeyman TrCA)
 31643 | D:15     | Killed Ucwof's ghost
 31808 | D:15     | Learned a level 4 spell: Manifold Assault
 31816 | D:15     | Learned a level 7 spell: Storm Form
 32319 | Orc:1    | Found a runed translucent gate.
 32319 | Orc:1    | Found a runed translucent gate.
 32319 | Orc:1    | Found a runed translucent gate.
 32320 | Orc:1    | Noticed Enlostror's ghost (adept MeBe)
 32320 | Orc:1    | Noticed initializr's ghost (adept MeBe)
 32797 | Orc:1    | Killed initializr's ghost
 32801 | Orc:1    | Killed Enlostror's ghost
 32939 | Orc:2    | Entered Level 2 of the Orcish Mines
 32975 | Orc:2    | Found Ruliy's General Store.
 33037 | Orc:2    | Found a bloodstained altar of Trog.
 33119 | Orc:2    | Found a staircase to the Elven Halls.
 33316 | Orc:2    | Found Jiruzxo's Assorted Antiques.
 33319 | Orc:2    | Found Ethaitoj's Distillery.
 33359 | Orc:2    | Found Leetioco's Antique Weapon Emporium.
 33360 | Orc:2    | Found Kugg's Distillery.
 33363 | Orc:2    | Bought a steaming jade ring for 145 gold pieces
 33363 | Orc:2    | Identified the ring of Beufye Fupn {+Blink Fly rPois EV+5
                  | Int+3 Stlth+} (You bought it in a shop on level 2 of the
                  | Orcish Mines)
 33363 | Orc:2    | Bought a pair of pitted boots for 275 gold pieces
 33363 | Orc:2    | Identified the +0 pair of boots "Axiuk" {rC++ Regen+ Int-3
                  | Dex+3} (You bought it in a shop on level 2 of the Orcish
                  | Mines)
 33376 | Orc:2    | Bought a potion of heal wounds for 145 gold pieces
 33376 | Orc:2    | Bought a potion of mutation for 232 gold pieces
 33381 | Orc:2    | Bought a potion of heal wounds for 75 gold pieces
 33381 | Orc:2    | Bought a potion of heal wounds for 75 gold pieces
 33381 | Orc:2    | Bought a potion of mutation for 120 gold pieces
 33381 | Orc:2    | Bought a potion of heal wounds for 75 gold pieces
 33392 | Orc:2    | Bought a potion of mutation for 112 gold pieces
 33392 | Orc:2    | Bought 2 potions of heal wounds for 140 gold pieces
 33392 | Orc:2    | Bought a potion of heal wounds for 70 gold pieces
 33500 | Orc:2    | Noticed Maurice
 33506 | Orc:2    | Killed Maurice
 33879 | Orc:2    | Bought a scroll of teleportation for 39 gold pieces
 34090 | D:2      | Bought a scroll of teleportation for 36 gold pieces
 34090 | D:2      | Bought a scroll of magic mapping for 90 gold pieces
 34090 | D:2      | Bought a scroll of teleportation for 36 gold pieces
 34090 | D:2      | Bought a scroll of amnesia for 48 gold pieces
 34481 | D:2      | Bought a +2 robe of willpower for 230 gold pieces
 34715 | Lair:1   | Gained mutation: You have hidden genetic potential. [potion
                  | of mutation]
 34715 | Lair:1   | Gained mutation: You are strong-willed. (Will+) [potion of
                  | mutation]
 34715 | Lair:1   | Gained mutation: You are partially covered in iridescent
                  | scales. (AC +2) [potion of mutation]
 34803 | Snake:1  | Entered Level 1 of the Snake Pit
 34888 | Snake:1  | Reached XP level 17. HP: 133/133 MP: 17/33
 34971 | Snake:1  | Reached skill level 1 in Translocations
 34991 | Snake:1  | Noticed Aizul
 35013 | Snake:1  | Killed Aizul
 35130 | Snake:1  | Noticed Nikola
 35148 | Snake:1  | Killed Nikola
 35313 | Snake:1  | Found a runed translucent door.
 35985 | Snake:1  | Noticed Asterion
 36007 | Snake:1  | Killed Asterion
 36649 | Snake:1  | Reached skill level 15 in Air Magic
 36703 | Snake:1  | Learned a level 2 spell: Wereblood
 38004 | Snake:3  | Reached skill level 5 in Translocations
 38198 | Snake:3  | Found Ypamock's Magic Scroll Shop.
 38207 | Snake:3  | Bought a scroll of enchant armour for 120 gold pieces
 38207 | Snake:3  | Bought a scroll of teleportation for 48 gold pieces
 38207 | Snake:3  | Bought a scroll of enchant weapon for 120 gold pieces
 38254 | Snake:3  | Found Ygiss's General Store.
 38719 | Snake:3  | Found a gateway to a bazaar.
 38726 | Snake:3  | Gained mutation: You are resistant to electric shocks.
                  | (rElec) [hidden potential]
 38863 | Snake:3  | Found Rubb's Armour Shoppe.
 39617 | Snake:3  | Reached XP level 18. HP: 109/140 MP: 14/34
 40109 | Snake:4  | Entered Level 4 of the Snake Pit
 40305 | Snake:4  | Reached skill level 15 in Transmutations
 41238 | Snake:4  | Reached skill level 1 in Unarmed Combat
 41837 | Snake:4  | Noticed Vashnia
 41896 | Snake:4  | Killed Vashnia
 42093 | Snake:4  | Got a serpentine rune of Zot
 42298 | Shoals:1 | Entered Level 1 of the Shoals
 42597 | Shoals:1 | Found Cikhory's Distillery.
 42620 | Shoals:1 | Bought a potion of heal wounds for 70 gold pieces
 42620 | Shoals:1 | Bought 2 potions of curing for 84 gold pieces
 43107 | Shoals:1 | You are sucked into a shaft and drop 1 floor!
 43107 | Shoals:2 | Noticed Polyphemus
 43110 | Shoals:2 | Found Oqaxkisi's Magic Scroll Shop.
 43122 | Shoals:1 | Reached skill level 5 in Unarmed Combat
 43129 | Shoals:1 | Gained mutation: Your flesh is cold resistant. (rC+)
                  | [hidden potential]
 43129 | Shoals:1 | Lost mutation: You have hidden genetic potential. [hidden
                  | potential expressed]
 43694 | Shoals:1 | Found a runed translucent gate.
 43694 | Shoals:1 | Found a runed translucent gate.
 43694 | Shoals:1 | Found a runed translucent gate.
 43698 | Shoals:1 | Noticed Zigemok's ghost (journeyman SpEn)
 44112 | Shoals:1 | Killed Zigemok's ghost
 44212 | Shoals:1 | Identified the +1 cloak of the Unbroken {rPois Str+3 Dex+3}
 44808 | Shoals:2 | Killed Polyphemus
 45024 | Shoals:2 | Bought a scroll of teleportation for 45 gold pieces
 45024 | Shoals:2 | Bought a scroll of blinking for 112 gold pieces
 45024 | Shoals:2 | Bought a scroll of magic mapping for 112 gold pieces
 45048 | Shoals:2 | Reached XP level 19. HP: 151/151 MP: 23/35
 45112 | Shoals:2 | Found Jyzxura's General Store.
 45130 | Shoals:2 | Found Jadem's Specific Store.
 45135 | Shoals:2 | Bought a potion of heal wounds for 65 gold pieces
 45135 | Shoals:2 | Bought a scroll of teleportation for 39 gold pieces
 45135 | Shoals:2 | Bought a scroll of teleportation for 39 gold pieces
 45135 | Shoals:2 | Bought a scroll of teleportation for 39 gold pieces
 45139 | Shoals:2 | Bought a scroll of teleportation for 57 gold pieces
 45297 | Shoals:2 | Noticed Mlioglotl
 45315 | Shoals:2 | Killed Mlioglotl
 45832 | Shoals:3 | Noticed Kirke
 45850 | Shoals:2 | Killed Kirke
 46013 | Shoals:3 | Noticed Donald
 46029 | Shoals:3 | Killed Donald
 46397 | Shoals:3 | Noticed Ilsuiw
 46478 | Shoals:3 | Killed Ilsuiw
 47307 | Shoals:4 | Entered Level 4 of the Shoals
 48600 | Shoals:4 | Reached skill level 15 in Fighting
 50608 | Shoals:4 | Got the Guidebook on the Altered Nimbus
 50638 | Shoals:4 | Got a barnacled rune of Zot
 51033 | Elf:1    | Entered Level 1 of the Elven Halls
 51063 | Elf:1    | Reached skill level 10 in Unarmed Combat
 51733 | Elf:1    | Noticed Louise
 51739 | Elf:1    | Killed Louise
 52130 | Elf:1    | Noticed Frances
 52141 | Elf:1    | Reached XP level 20. HP: 162/162 MP: 15/36
 52148 | Elf:1    | Killed Frances
 52701 | Elf:2    | Found Pocih's Weapon Boutique.
 52788 | Elf:2    | Found a huge runed translucent gate.
 52789 | Elf:2    | Found a huge runed translucent gate.
 52789 | Elf:2    | Found a huge runed translucent gate.
 52790 | Elf:2    | Found a huge runed translucent gate.
 52790 | Elf:2    | Found a huge runed translucent gate.
 52790 | Elf:2    | Found a huge runed translucent gate.
 52791 | Elf:2    | Found a huge runed translucent gate.
 52794 | Elf:2    | Found a huge runed translucent gate.
 52859 | Elf:2    | Identified the +10 double sword "Pouwkair" {freeze, rPois
                  | rF+ rC+}
 53495 | Elf:2    | Found a runed translucent gate.
 53495 | Elf:2    | Found a runed translucent gate.
 53495 | Elf:2    | Found a runed translucent gate.
 56206 | Vaults:1 | Entered Level 1 of the Vaults
 58579 | Vaults:1 | Found Gozag's Assorted Antiques.
 58601 | Vaults:1 | Found Gozag's Antique Weapon Shop.
 58601 | Vaults:1 | Found an opulent altar of Gozag.
 58625 | Vaults:1 | Bought an embroidered cloak for 750 gold pieces
 58629 | Vaults:1 | Found Gozag's Antique Weapon Shop.
 59536 | Vaults:2 | Noticed Boris
 59544 | Vaults:2 | Killed Boris
 60270 | Vaults:2 | Reached XP level 21. HP: 129/168 MP: 5/37
 60990 | Vaults:2 | Found a staircase to the Crypt.
 62141 | Vaults:2 | Identified the +7 whip "Diroleops" {holy, *Noise rC+ Will+
                  | Int+3}
 62336 | Vaults:2 | Acquired 408 gold pieces
 64118 | Vaults:3 | Reached skill level 15 in Unarmed Combat
 64396 | Vaults:3 | Found Eclat's Book Emporium.
 65014 | Vaults:3 | Learned a level 9 spell: Dragon's Call
 65366 | Vaults:4 | Found Meschuamy's Book Shoppe.
 65782 | Vaults:4 | Identified the +2 robe of Serendipity {rPois}
 65952 | Vaults:4 | Reached XP level 22. HP: 175/175 MP: 12/40
 66005 | Vaults:4 | Identified the +8 dagger "Taclaxui" {protect, rF+ rC++
                  | Str-3 Int+3}
 66765 | Vaults:4 | Reached skill level 15 in Spellcasting
 67756 | Elf:3    | Entered Level 3 of the Elven Halls
 68278 | Elf:3    | Identified the +6 quarterstaff of Indignation {heavy,
                  | Dex+3}
 68278 | Elf:3    | Identified the ring "Axoich" {rC+ Str+2 Int+6}
 68286 | Elf:3    | Identified the +5 battleaxe "Nuolimas" {freeze, *Slow Fly
                  | Str+3 Dex+3}
 68356 | Elf:3    | Identified the ring "Zetul" {rCorr Int+5 Dex-2}
 68526 | Elf:3    | Identified the +7 dagger "Dragonbane" {venom, +Blink}
 68526 | Elf:3    | Identified the ring of Luluan {rC+ rN+ rCorr Int-3}
 68612 | Elf:3    | Identified the +6 glaive "Qocraolygh" {holy, rElec rPois
                  | rC- Stlth+}
 68954 | Elf:3    | Identified the +1 leather armour of Icuo {Slay+2}
 69469 | Elf:3    | Identified the amulet "Pikygit" {Acrobat -Cast Rampage
                  | Str+2}
 69473 | Elf:3    | Identified the +1 pair of gloves of Qumeg {rF- Regen+ rCorr
                  | Stlth+}
 69947 | Depths:1 | Entered Level 1 of the Depths
 69974 | Depths:1 | Reached skill level 10 in Dodging
 69981 | Depths:1 | Noticed Sojobo
 69990 | Depths:1 | Killed Sojobo
 70495 | Depths:1 | Found a transporter.
 70509 | Depths:1 | Noticed Mara
 70529 | Depths:1 | Killed Mara
 70534 | Depths:1 | Reached XP level 23. HP: 181/181 MP: 21/42
 70717 | Depths:1 | Noticed conein's ghost (adept AtFi)
 70791 | Depths:1 | Paralysed by a floating eye for 3 turns
 70948 | Depths:1 | Noticed a caustic shrike
 70960 | Depths:1 | Found a transporter.
 71017 | Depths:1 | Paralysed by a floating eye for 4 turns
 71262 | Depths:1 | Found a gateway to Hell.
 71325 | Depths:1 | Found a blossoming altar of Fedhas.
 71485 | Depths:1 | Reached skill level 27 in Summonings
 71507 | Depths:1 | Killed a caustic shrike
 71943 | Depths:1 | Killed conein's ghost
 72000 | Depths:1 | Identified the amulet of Incredulity {Faith Fragile rN+
                  | Str+3}
 72036 | Depths:2 | Found a transporter.
 72042 | Depths:2 | Noticed an ancient lich
 72046 | Depths:2 | Noticed Nuommo Isia's ghost (journeyman GrFi)
 72970 | Depths:2 | Found a one-way gate leading to the halls of Pandemonium.
 73366 | Depths:2 | Identified the +3 short sword of Xeuvont {protect, Drain
                  | rF+ rN+ Will+}
 73412 | Depths:2 | Noticed Margery
 73415 | Depths:2 | Killed Margery
 73593 | Depths:2 | Found a transporter.
 73640 | Depths:2 | Identified the +2 leather armour of the Minstrel {Will+
                  | Slay+3}
 73766 | Depths:2 | Found a runed translucent door.
 73907 | Depths:2 | Noticed a golden dragon
 73908 | Depths:2 | Noticed a juggernaut
 73908 | Depths:2 | Identified the amulet "Odefuumu" {RegenMP rCorr}
 73909 | Depths:2 | Noticed a caustic shrike
 73913 | Depths:2 | Found a runed translucent door.
 73991 | Depths:2 | Found Jogul's Tremendous Tomes.
 74186 | Depths:2 | Killed a caustic shrike
 74201 | Depths:2 | Killed a juggernaut
 74204 | Depths:2 | Killed a golden dragon
 74205 | Depths:2 | Reached skill level 15 in Dodging
 74389 | Depths:2 | Noticed a caustic shrike
 74389 | Depths:2 | Identified the +1 long sword "Killer Bee's Death" {venom,
                  | Fly}
 74389 | Depths:2 | Identified the ring "Fommicem" {rC+ rN+ Dex+6}
 74425 | Depths:2 | Killed a caustic shrike
 75198 | Depths:3 | Found a one-way gate to the infinite horrors of the Abyss.
 75628 | Depths:3 | Found a one-way gateway to a ziggurat.
 75794 | Depths:3 | Reached XP level 24. HP: 177/189 MP: 29/42
 76599 | Depths:3 | Reached skill level 5 in Stealth
 77111 | Depths:3 | Noticed a caustic shrike
 77112 | Depths:3 | a caustic shrike changed into a sphinx
 77269 | Depths:4 | Entered Level 4 of the Depths
 77595 | Depths:4 | Found Ziaczak's Antique Armour Shop.
 78017 | Depths:4 | Found a gate to the Realm of Zot.
 78237 | Depths:4 | Found Pudat's Antique Weapon Emporium.
 78427 | Depths:4 | Found Odagib's Weapon Shoppe.
 78436 | Depths:4 | Bought the +7 lajatang of Order {silver, rMut} for 1064
                  | gold pieces
 78436 | Depths:4 | Found the +7 lajatang of Order {silver, rMut}
 78481 | Depths:4 | Found Moufiez's Antique Armour Shoppe.
 78627 | Depths:4 | Learned a level 4 spell: Airstrike
 78632 | Depths:4 | Bought a crude falchion for 352 gold pieces
 78632 | Depths:4 | Identified the +7 falchion of Brutal Revenge {freeze, rPois
                  | rF- Dex+2} (You bought it in a shop on level 4 of the
                  | Depths)
 78632 | Depths:4 | Bought a jewelled spear for 352 gold pieces
 78632 | Depths:4 | Identified the +1 spear of Zuguytirph {freeze, Str+3} (You
                  | bought it in a shop on level 4 of the Depths)
 78638 | Depths:4 | Bought a scroll of teleportation for 48 gold pieces
 78638 | Depths:4 | Bought a scroll of enchant armour for 120 gold pieces
 78638 | Depths:4 | Bought a scroll of enchant weapon for 120 gold pieces
 79036 | Vaults:5 | Entered Level 5 of the Vaults
 79051 | Vaults:5 | Reached skill level 10 in Translocations
 79058 | Vaults:5 | Reached XP level 25. HP: 170/202 MP: 7/42
 79095 | Vaults:5 | Noticed an ancient lich
 79659 | Vaults:5 | Killed an ancient lich
 79727 | Vaults:5 | Noticed a dread lich
 79794 | Vaults:5 | Killed a dread lich
 80142 | Vaults:5 | Identified the +3 buckler "Put-Me-On" {Int+4 Dex+3}
 80142 | Vaults:5 | Identified the ring of Honesty {rElec rF+ EV+5 Str+2 Int+3}
 80868 | Vaults:5 | Identified the +17 plate armour of Slovenliness {Fly Will-
                  | Str+4}
 80940 | Vaults:5 | Identified the ring of Royxidau {rN+++ Str+6 Int-4 SInv
                  | Stlth+}
 81168 | Vaults:5 | Got the Quarto of Foggy Hoarfrost
 81366 | Vaults:5 | Noticed a dread lich
 81377 | Vaults:5 | Killed a dread lich
 81605 | Vaults:5 | Got a silver rune of Zot
 81622 | Vaults:5 | Identified the ring of the Madman {rElec rPois Will- Dex+6}
 81625 | Vaults:5 | Identified the +5 cloak of Tier {Slay+2}
 81819 | Vaults:5 | Identified the +9 great sword "Kuari" {freeze, rF+ Str+3}
 81950 | Vaults:5 | Identified the +0 short sword "Hell-Harrower" {flame, Fly
                  | rCorr Stlth+}
 83022 | Zot:1    | Entered Level 1 of the Realm of Zot
 83484 | Zot:1    | Reached XP level 26. HP: 91/219 MP: 20/42
 84472 | D:4      | Bought the +4 scale mail of Muociedi {Int+3 SInv} for 4150
                  | gold pieces
 84913 | Zot:2    | Reached skill level 1 in Armour
 85314 | Zot:2    | Noticed Grunn
 85318 | Zot:1    | Reached skill level 5 in Armour
 85548 | Zot:2    | Killed Grunn
 86665 | Zot:2    | Noticed a Killer Klown
 86673 | Zot:2    | Killed a Killer Klown
 87313 | Zot:2    | Noticed an orb of fire
 87443 | Zot:2    | Killed an orb of fire
 87445 | Zot:2    | Reached skill level 10 in Armour
 88182 | Zot:2    | Acquired 925 gold pieces
 90110 | Zot:4    | Reached XP level 27. HP: 228/228 MP: 1/42
 91182 | Zot:5    | Entered Level 5 of the Realm of Zot
 91182 | Zot:5    | Found an opulent altar of Gozag.
 91565 | Zot:4    | Upgraded the game from 0.30-a0-728-gc68057be0a to
                  | 0.30-a0-737-gf23d94013f
 91856 | Zot:5    | Noticed a dread lich
 91871 | Zot:5    | Killed a dread lich
 92222 | Zot:5    | Noticed an orb of fire
 92222 | Zot:5    | Noticed an ancient lich
 92257 | Zot:5    | Killed an ancient lich
 92716 | Zot:5    | Noticed an orb of fire
 92726 | Zot:5    | Killed an orb of fire
 92779 | Zot:5    | Noticed a dread lich
 92793 | Zot:5    | Killed a dread lich
 93165 | Zot:5    | Killed an orb of fire
 93475 | Zot:5    | Noticed an ancient lich
 93495 | Zot:5    | Reached skill level 15 in Armour
 93843 | Zot:5    | Noticed an orb of fire
 93988 | Zot:5    | Gained mutation: You are occasionally teleported next to
                  | monsters. [an orb of fire]
 94151 | Zot:5    | Lost mutation: You are partially covered in iridescent
                  | scales. (AC +2) [potion of mutation]
 94151 | Zot:5    | Lost mutation: You are strong-willed. (Will+) [potion of
                  | mutation]
 94151 | Zot:5    | Lost mutation: Your flesh is cold resistant. (rC+) [potion
                  | of mutation]
 94151 | Zot:5    | Gained mutation: You are partially covered in iridescent
                  | scales. (AC +2) [potion of mutation]
 94151 | Zot:5    | Gained mutation: You are mostly covered in iridescent
                  | scales. (AC +4) [potion of mutation]
 94151 | Zot:5    | Gained mutation: You have a somewhat thin skeletal
                  | structure. (Dex +2, Stealth+) [potion of mutation]
 94882 | Elf:2    | Lost mutation: You have a somewhat thin skeletal structure.
                  | (Dex +2, Stealth+) [potion of mutation]
 94882 | Elf:2    | Lost mutation: You are resistant to electric shocks.
                  | (rElec) [potion of mutation]
 94882 | Elf:2    | Gained mutation: Your muscles are strong. (Str +4, Int/Dex
                  | -1) [potion of mutation]
 95035 | Lair:1   | Lost mutation: Your muscles are strong. (Str +4, Int/Dex
                  | -1) [potion of mutation]
 95035 | Lair:1   | Lost mutation: You are mostly covered in iridescent scales.
                  | (AC +4) [potion of mutation]
 95035 | Lair:1   | Gained mutation: You expend magic power (3 MP) to
                  | strengthen your wands. [potion of mutation]
 95036 | Lair:1   | Lost mutation: You are partially covered in iridescent
                  | scales. (AC +2) [potion of mutation]
 95036 | Lair:1   | Lost mutation: You expend magic power (3 MP) to strengthen
                  | your wands. [potion of mutation]
 95036 | Lair:1   | Lost mutation: You are occasionally teleported next to
                  | monsters. [potion of mutation]
 95036 | Lair:1   | Gained mutation: You are weak. (Str -2) [potion of
                  | mutation]
 95037 | Lair:1   | Lost mutation: You are weak. (Str -2) [potion of mutation]
 95038 | Lair:1   | Gained mutation: Your body sometimes deteriorates upon
                  | taking damage. [potion of mutation]
 95039 | Lair:1   | Lost mutation: Your body sometimes deteriorates upon taking
                  | damage. [potion of mutation]
 95039 | Lair:1   | Gained mutation: You are clumsy. (Dex -2) [potion of
                  | mutation]
 95040 | Lair:1   | Lost mutation: You are clumsy. (Dex -2) [potion of
                  | mutation]
 95041 | Lair:1   | Gained mutation: A frigid envelope surrounds you and
                  | freezes all who hurt you. [potion of mutation]
 95218 | Hell     | Entered the Vestibule of Hell
 95218 | Hell     | Noticed Geryon
 95246 | Hell     | Killed Geryon
 95856 | Hell     | Found a gateway to the decaying netherworld of Tartarus.
 96035 | Hell     | Found a gateway to the Iron City of Dis.
 96070 | Hell     | Found a gateway to the freezing wastes of Cocytus.
 96198 | Hell     | Found a gateway to the ashen valley of Gehenna.
 96563 | Coc:1    | Entered Level 1 of Cocytus
 96949 | Coc:2    | Noticed an ancient lich
 96962 | Coc:2    | Killed an ancient lich
 98506 | Coc:5    | Paralysed by a wendigo for 1 turns
 99049 | Coc:6    | Paralysed by a wendigo for 1 turns
 99071 | Coc:6    | HP: 8/236 [shard shrike/shard of ice (23)]
 99082 | Coc:6    | Paralysed by a wendigo for 1 turns
 99757 | Coc:7    | Entered Level 7 of Cocytus
100428 | Coc:7    | Paralysed by a wendigo for 1 turns
101051 | Coc:7    | Identified the ring "Ilusik" {Ice *Slow Dex+3 SInv}
101792 | Coc:7    | Noticed Antaeus
101818 | Coc:7    | Paralysed by a wendigo for 1 turns
101832 | Coc:7    | Paralysed by a wendigo for 1 turns
101848 | Coc:7    | Killed Antaeus
101849 | Coc:7    | Reached skill level 27 in Fighting
103104 | Coc:7    | Identified the +1 robe "Rihoixorph" {rF+ Dex+4 Stlth+}
103250 | Coc:7    | Got an icy rune of Zot
103873 | Geh:1    | Entered Level 1 of Gehenna
105423 | Geh:3    | Found a runed translucent gate.
105526 | Geh:3    | Found a runed translucent gate.
105526 | Geh:3    | Found a runed translucent gate.
105526 | Geh:3    | Found a runed translucent gate.
105527 | Geh:3    | Found a runed translucent gate.
105527 | Geh:3    | Found a runed translucent gate.
105527 | Geh:3    | Found a runed translucent gate.
105528 | Geh:3    | Found a runed translucent gate.
105528 | Geh:3    | Found a runed translucent gate.
105530 | Geh:3    | Found a runed translucent gate.
105530 | Geh:3    | Found a runed translucent gate.
105530 | Geh:3    | Found a runed translucent gate.
108550 | Geh:7    | Entered Level 7 of Gehenna
110887 | Geh:7    | Identified the ring of Gifrost {rF+ rC+ rN+ Int-5 Stlth+}
111295 | Geh:7    | Found the +3 Mad Mage's Maulers {Infuse+∞ VampMP -Cast}
111387 | Geh:7    | Identified the ring "Ukkuom Pelik" {rPois rN+ Will+ Str-3
                  | Dex+3}
111698 | Geh:7    | Learned a level 6 spell: Summon Cactus Giant
112012 | Geh:7    | Found the +7 sceptre of Asmodeus
112012 | Geh:7    | Noticed Asmodeus
112034 | Geh:7    | Killed Asmodeus
112088 | Geh:7    | Got an obsidian rune of Zot
113697 | Dis:1    | Entered Level 1 of the Iron City of Dis
113724 | Dis:1    | Reached skill level 1 in Throwing
113776 | Dis:1    | Found a huge runed gate.
113776 | Dis:1    | Found a huge runed gate.
113776 | Dis:1    | Found a huge runed gate.
113776 | Dis:1    | Found a huge runed gate.
113776 | Dis:1    | Found a huge runed gate.
113776 | Dis:1    | Found a huge runed gate.
113776 | Dis:1    | Found a huge runed gate.
113776 | Dis:1    | Found a huge runed gate.
113778 | Dis:1    | Found a huge runed gate.
113779 | Dis:1    | Found a huge runed gate.
114037 | Dis:1    | Found a huge runed gate.
114043 | Dis:1    | Found a huge runed gate.
114044 | Dis:1    | Found a huge runed gate.
114063 | Dis:1    | Found a huge runed gate.
114063 | Dis:1    | Found a huge runed gate.
114063 | Dis:1    | Found a huge runed gate.
114063 | Dis:1    | Found a huge runed gate.
114064 | Dis:1    | Found a huge runed gate.
114064 | Dis:1    | Found a huge runed gate.
114071 | Dis:1    | Found a huge runed gate.
114071 | Dis:1    | Found a huge runed gate.
114071 | Dis:1    | Found a huge runed gate.
114071 | Dis:1    | Found a huge runed gate.
114071 | Dis:1    | Found a huge runed gate.
114072 | Dis:1    | Found a huge runed gate.
114073 | Dis:1    | Found a huge runed gate.
114074 | Dis:1    | Found a huge runed gate.
114075 | Dis:1    | Found a huge runed gate.
114084 | Dis:1    | Found a huge runed gate.
114084 | Dis:1    | Found a huge runed gate.
114084 | Dis:1    | Found a huge runed gate.
114084 | Dis:1    | Found a huge runed gate.
114084 | Dis:1    | Found a huge runed gate.
114084 | Dis:1    | Found a huge runed gate.
114084 | Dis:1    | Found a huge runed gate.
114085 | Dis:1    | Found a huge runed gate.
114181 | Dis:1    | HP: 11/249 [??? (9)]
115168 | Dis:3    | Reached skill level 5 in Throwing
116434 | Dis:5    | Noticed an ancient lich
116442 | Dis:5    | Killed an ancient lich
116834 | Dis:6    | Noticed an ancient lich
116849 | Dis:6    | Killed an ancient lich
117286 | Dis:7    | Entered Level 7 of the Iron City of Dis
119133 | Dis:7    | Noticed a juggernaut
119149 | Dis:7    | Killed a juggernaut
119486 | Dis:7    | Found the necklace of Bloodlust {Fury *Rage Will++ Int-3
                  | Slay+6}
119509 | Dis:7    | Identified the ring of Lycij {rPois MP+9}
119521 | Dis:7    | Identified the +0 scale mail "Huahug" {Regen+ MP+9}
122471 | Dis:7    | Noticed a juggernaut
122489 | Dis:7    | Killed a juggernaut
122683 | Dis:7    | Found the +4 staff of Dispater
122683 | Dis:7    | Noticed Dispater
122718 | Dis:7    | Killed Dispater
122786 | Dis:7    | Got an iron rune of Zot
122791 | Dis:7    | Got Sif Muna's Directory of the Wendigo and the Evil Eye
123074 | Tar:1    | Entered Level 1 of Tartarus
126187 | Tar:5    | Noticed a dread lich
126686 | Hell     | Killed a dread lich
127383 | Zot:5    | Gained mutation: Your spells are a little harder to cast,
                  | but a little more powerful. [mutagenic glow]
127481 | Zot:5    | Killed an orb of fire
127720 | Zot:5    | Killed an ancient lich
128154 | Zot:5    | Got the Orb of Zot
128257 | Zot:4    | Noticed Mianus the pandemonium lord
128268 | Zot:4    | Killed Mianus the pandemonium lord
128503 | Depths:4 | Noticed Pine the pandemonium lord
128503 | Depths:4 | Noticed an ancient lich
129095 | D:1      | Gained mutation: You sometimes lose your temper in combat.
                  | [a cacodemon]
129119 | D:$      | Escaped with the Orb!

Illustrated notes

Levels and vault maps discovered:
D:1:      nicolae_arrival_somewhat_less_tricky_arrival, layout_basic
D:2:      cheibrodos_old_hovel, layout_rooms, serial_shops, shop_statue, shop,
          shop, shop, shop
D:3:      layout_basic, nicolae_ru_the_path_less_chosen, serial_curves,
          eino_curves_03, eino_curves_02, ebering_ecumenical_altar_webs,
          hangedman_decor_diamond_cutter, uniq_robin
D:4:      layout_loops_ring, nicolae_gozag_zags_fifth_avenue, zin_statuary,
          amcnicky_altar_gilded, minmay_temple_entry_drinking_statues
D:5:      layout_basic, trog_book, eat_drink_and_be_merry_uskayaw,
          uniq_blork_the_orc
D:6:      layout_rooms, lemuel_coloured_pillars_altar,
          mainiacjoe_overflow_alcove_4, serial_shops, nicolae_shop_crystal,
          palyth_stone_intersect, uniq_crazy_yiuf_cottage, uniq_grinder,
          uniq_duvessa, uniq_pikel
D:7:      layout_basic, mainiacjoe_overflow_boulevard,
          mainiacjoe_overflow_brackets, nicolae_ossuary_entry_false_entrances,
          gammafunk_ghost_wrathful_warriors
D:8:      layout_basic, serial_undead, serial_undead_a, serial_undead_b,
          serial_undead_e, serial_undead_c, minmay_misc_feat_nine_boxes
D:9:      layout_basic, kennysheep_ying_yang, serial_rivers,
          chequers_serial_rivers_small_3, chequers_serial_rivers_large_a,
          chequers_serial_rivers_micro_c, chequers_serial_rivers_marsh,
          hellmonk_ghost_happy_afterlife, chequers_serial_rivers_large_b,
          kennysheep_nub
D:10:     layout_long_grid, dpeg_oklobed_lair, david_orc_3, serial_shops, shop,
          shop, nicolae_shop_temple_entry_statues_fountains,
          nicolae_stop_n_shop_2, shop
D:11:     layout_loops_ring, gauntlet_entry_generic
D:12:     layout_gridville, minmay_misc_feat_four_crosses, uniq_jorgrun
D:13:     layout_loops_ring, minmay_misc_feat_columns, minivault_11
D:14:     layout_roguey, david_vaults_5, kennysheep_minor_cross
D:15:     grunt_enter_depths_hoard, layout_long_grid,
          maelrawn_ghost_gauntlet_escape, serial_shops, bzr_entry_lakeside,
          serial_ice, serial_ice_h, serial_ice_n, serial_ice_e, serial_ice_l,
          portal_ice_cave_entry_dragon
Lair:1:   layout_regular_city, eino_small_chamber_without_monster,
          lemuel_fruit_tree
Lair:2:   layout_cave_pods, minmay_shoals_entry_hut,
          nicolae_snake_entry_warm_welcome
Lair:3:   gammafunk_indiana_jones, layout_cave_pods, lemuel_centaur_altar
Lair:4:   layout_roguey, dpeg_slime_entry_enclosed
Lair:5:   due_jungle_book, layout_loops_ring, special_room [special_room_bee],
          gammafunk_ghost_hive
Shoals:1: layout_shoals, serial_shops, shop_statue, gammafunk_ghost_tricky_traps
Shoals:2: layout_shoals, serial_shops, shop, nicolae_specific_store,
          uniq_mlioglotl, uniq_polyphemus
Shoals:3: nicolae_shoals_aurelia_aurita, layout_shoals, nzn_prometheus_bound,
          uniq_ilsuiw, uniq_kirke, uniq_donald
Shoals:4: shoals_end_hangedman, layout_shoals, shoal_ilsuiw
Snake:1:  cheibrodos_toxic_ritual, layout_chambers, grunt_ministairs_10,
          serial_bayou_pond_c, grunt_megastairs_3, uniq_aizul, uniq_asterion,
          uniq_nikola
Snake:2:  layout_grid_maze
Snake:3:  layout_chambers, serial_shops, bzr_entry_customers, shop_statue, shop,
          nicolae_lakefront_shop, grunt_megastairs_5
Snake:4:  johnstein_snake_rune_scales, layout_rooms, drop_trap
Orc:1:    layout_caves, gammafunk_ghost_cemetery
Orc:2:    st_orc_open, layout_caves, basic_altar, serial_shops,
          nicolae_shop_advertising_works [nicolae_subvault_shop_adworks],
          uniq_maurice
Elf:1:    elf_arrival_002, layout_geoelf_octagon, minivault_28, uniq_frances,
          uniq_louise
Elf:2:    nicolae_elf_blades_crystal_corner, layout_loops_corners, serial_shops,
          nicolae_shop_bloodbath_and_beyond,
          nicolae_elf_double_double_double_trouble
Elf:3:    grunt_elf_hall_spiral, layout_gridlike, hex_tiny, grunt_ministairs_9,
          drop_trap, serial_sigils_hangedman_writhe
Vaults:1: grunt_vaults_focal, nicolae_vaults_angled_halls, v_misc_12,
          ontoclasm_vaults_spin, v_misc_33, ontoclasm_vaults_twist,
          kennysheep_vaults_gozag_temple, nicolae_vaults_big_ls,
          layout_vaults_omnicross
Vaults:2: grunt_vaults_diagonal, hangedman_vaults_hat,
          minmay_crypt_entry_simple_round, v_pattern_4,
          nicolae_vaults_hallways_thing, hangedman_vaults_stagger,
          ontoclasm_vaults_bender, vaults_mumra_hex, v_misc_12, v_misc_17,
          st_octagons_1, vaults_room_large_hall, vaults_dpeg_ring,
          layout_vaults_omnibox, uniq_boris
Vaults:3: v_misc_10, v_misc_28, v_misc_9, v_misc_13,
          nicolae_vaults_network_periphery, nicolae_vaults_network_s, v_misc_26,
          v_misc_17, nicolae_vaults_theta, vaults_dpeg_hooks,
          nicolae_vaults_ring_of_whatevers, layout_vaults_ring, serial_shops,
          nicolae_shop_statue_plus
Vaults:4: hangedman_vaults_variations, vaults_room_hangedman_quadrants,
          ontoclasm_vaults_hangar, ontoclasm_vaults_claustrophobia,
          grunt_vaults_funnel, v_misc_3, nicolae_vaults_specimen_jars,
          v_misc_15, v_misc_31, v_misc_16, hangedman_vaults_cutoff,
          layout_vaults_big_room, serial_shops, shop
Vaults:5
Depths:1: layout_forbidden_donut, gammafunk_ghost_berserking_beasts, hell_entry,
          fedhas_altar_1, onia_ninara_cookie, uniq_mara, uniq_sojobo
Depths:2: minmay_expanding_circles, layout_gridville, grunt_metal_band,
          rand_demon_pan_entry_7, corexii_leaking_fountain,
          gammafunk_ghost_mausoleum, nicolae_shop_i_like_big_books
Depths:3: nzn_winding_woodlands_huge [nzn_winding_woodlands_5x15_pockets,
          nzn_winding_woodlands_5x15_concentric,
          nzn_winding_woodlands_5x15_default, nzn_winding_woodlands_5x15_eye,
          nzn_winding_woodlands_5x15_parted, nzn_winding_woodlands_5x15_crooked,
          nzn_winding_woodlands_5x15_default, nzn_winding_woodlands_5x15_twine,
          nzn_winding_woodlands_5x15_default,
          nzn_winding_woodlands_5x15_pathside_ponds,
          nzn_winding_woodlands_center_diamonds,
          nzn_winding_woodlands_center_garden,
          nzn_winding_woodlands_15x15_killbox], layout_basic, enter_ziggurat_c,
          marbit_kobold_abyss_entry, pf_coc_iceberg
Depths:4: evilmike_zot_entry_diamond, layout_gridville, serial_shops,
          nicolae_shop_temple_entry_statues_fountains, shop, shop,
          nicolae_shop_hallway_stairs, hell_entry, minmay_strange_pillars,
          serial_bayou_shore_b, uniq_margery
Hell
Dis:1:    layout_jigsaw, door_vault
Dis:2:    layout_jigsaw
Dis:3:    layout_jigsaw
Dis:4:    layout_gridville
Dis:5:    layout_jigsaw
Dis:6:    layout_regular_city, nicolae_dis_metal_dragon_surprise
Dis:7:    dis_st
Geh:1:    layout_gehenna_pools_triple
Geh:2:    layout_gehenna_pools_triple
Geh:3:    layout_gehenna_pools_basic, nicolae_geh_backdraft
Geh:4:    layout_gehenna_lava_caves
Geh:5:    nicolae_geh_realm_of_the_lava_sea
Geh:6:    layout_gehenna_pools_basic
Geh:7:    geh_grunt
Coc:1:    layout_cocytus_water_paths
Coc:2:    layout_cocytus_delve
Coc:3:    layout_cocytus_water_paths
Coc:4:    layout_cocytus_water_paths
Coc:5:    layout_cocytus_water_paths
Coc:6:    layout_ice_bergs, nicolae_coc_icebean_singular
          [nicolae_sub_coc_subbean]
Coc:7:    coc_hangedman
Tar:1:    layout_grid_maze, nicolae_tar_grid_combs
Tar:2:    nicolae_tar_intersect_combbox, layout_cathedral_of_symmetry
Tar:3:    layout_cathedral_of_symmetry, nicolae_tar_honey_chapel
Tar:4:    layout_honeycomb
Tar:5:    layout_grid_maze, evilmike_ambush [evilmike_ambush_outer_pillars,
          evilmike_ambush_inner_basic]
Zot:1:    layout_misc_corridors
Zot:2:    layout_misc_corridors, zot_minivault_4, uniq_grunn
Zot:3:    layout_concentric_octagons
Zot:4:    layout_cellular_growth
Zot:5:    layout_cathedral_of_symmetry, basic_altar

Skill      XL: |  1  2  3  4  5  6  7  8  9 10 11 12 13 14 15 16 17 18 19 20 21 22 23 24 25 26 27 |
---------------+----------------------------------------------------------------------------------+-----
Summonings     | 5 6 7 8 10 11 12 14 15 16 17 18 19 20 21 23 24 25 26 27 | 27.0
Fighting       | 1 5 8 9 10 12 13 15 17 20 21 27 | 27.0
Air Magic      | 4 8 10 11 12 13 14 16 21 | 21.7
Spellcasting   | 5 6 8 10 11 12 14 15 21 | 21.0
Dodging        | 5 6 8 10 15 17 19 20 24 | 24.5
Shields        | 3 5 6 8 |  8.0
Transmutations | 5 8 10 11 13 14 16 21 | 21.7
Translocations | 5 6 10 12 | 12.0
Unarmed Combat | 6 10 14 15 17 18 24 | 24.0
Stealth        | 3 5 |  5.0
Armour         | 11 15 | 15.0
Throwing       | 5 |  5.0

Action                     |  1- 3 |  4- 6 |  7- 9 | 10-12 | 13-15 | 16-18 | 19-21 | 22-24 | 25-27 || total
---------------------------+-------+-------+-------+-------+-------+-------+-------+-------+-------++-------
  Melee: Dagger            |   115 |    46 |       |       |       |       |       |       |       ||   161
         Unarmed           |     3 |       |       |       |       |       |    42 |    61 |   496 ||   602
         Spear             |       |    43 |    78 |       |       |       |       |       |       ||   121
         Punch             |       |       |     2 |       |       |       |     1 |     4 |    30 ||    37
         Mace              |       |       |    30 |   103 |    58 |    21 |    81 |    20 |    91 ||   404
         Lajatang          |       |       |       |       |       |       |       |       |     1 ||     1
  Throw: Javelin           |       |       |       |       |       |       |       |       |     3 ||     3
   Cast: Summon Small Mamm |    21 |    21 |    15 |       |       |       |       |       |       ||    57
         Call Canine Famil |     2 |    15 |    30 |    51 |    37 |    21 |    47 |     7 |     4 ||   214
         Summon Guardian G |       |       |    12 |    11 |     4 |     2 |     6 |       |     6 ||    41
         Summon Lightning  |       |       |       |    49 |    68 |    89 |   105 |    18 |    77 ||   406
         Swiftness         |       |       |       |     3 |       |       |       |       |     2 ||     5
         Summon Forest     |       |       |       |    21 |    16 |    30 |    55 |    15 |    31 ||   168
         Monstrous Menager |       |       |       |       |   185 |   320 |   423 |    37 |   151 ||  1116
         Storm Form        |       |       |       |       |       |     1 |     5 |    18 |    56 ||    80
         Manifold Assault  |       |       |       |       |       |       |    46 |     7 |   154 ||   207
         Wereblood         |       |       |       |       |       |       |     1 |       |    11 ||    12
         Dragon's Call     |       |       |       |       |       |       |     8 |    63 |   237 ||   308
         Summon Cactus Gia |       |       |       |       |       |       |       |       |    73 ||    73
 Invoke: Potion Petition   |       |       |       |       |     3 |     2 |    10 |     5 |    28 ||    48
         Call Merchant     |       |       |       |       |       |       |       |     2 |       ||     2
Ability: Hop               |       |       |     1 |     6 |    12 |    11 |    29 |     4 |    35 ||    98
         Evoke Blink       |       |       |       |       |       |     1 |       |     2 |       ||     3
         Blinkbolt         |       |       |       |       |       |       |       |       |     1 ||     1
  Evoke: Wand              |       |       |       |       |       |       |       |       |     2 ||     2
    Use: Scroll            |       |       |    19 |    12 |     4 |     2 |     6 |     5 |     2 ||    50
         Potion            |       |       |       |       |       |     1 |     3 |       |    28 ||    32
   Stab: Sleeping          |     4 |     2 |     1 |     1 |       |       |       |       |       ||     8
         Distracted        |       |       |     4 |     4 |     1 |       |     3 |     4 |    14 ||    30
         Paralysed         |       |       |       |       |     2 |       |       |     1 |       ||     3
         Confused          |       |       |       |       |       |       |     2 |       |       ||     2
         Invisible         |       |       |       |       |       |       |       |       |     4 ||     4
 Armour: Robe              |    30 |    26 |    77 |    77 |    65 |    40 |    73 |    21 |       ||   409
         Skin              |       |       |       |       |       |       |    27 |    15 |    54 ||    96
         Leather armour    |       |       |       |       |       |       |       |     4 |       ||     4
         Scale mail        |       |       |       |       |       |       |       |       |   128 ||   128
  Dodge: Dodged            |   111 |    72 |   104 |   103 |   132 |   155 |   451 |   180 |   820 ||  2128
  Block: Buckler           |       |       |       |    19 |    53 |    56 |    97 |    30 |   137 ||   392

Table legend: (Time is in decaauts)
 A = Elapsed time spent in this place.
 B = Non-inter-level travel time spent in this place.
 C = Inter-level travel time spent in this place.
 D = Time resting spent in this place.
 E = Time spent auto-exploring this place.
 F = Levels seen in this place.
 G = Mean time per level.
                   A        B        C        D        E       F      G
               +--------+--------+--------+--------+--------+-----+--------+
         Total | 139905 | 126534 |  13371 |  44312 |  53807 |  78 | 1793.7 |
       Dungeon |  24568 |  19741 |   4827 |   3794 |  11688 |  15 | 1637.9 |
          Lair |  10925 |   9620 |   1305 |   2447 |   5155 |   5 | 2185.0 |
        Shoals |   9601 |   8484 |   1117 |   2903 |   3445 |   4 | 2400.2 |
     Snake Pit |   8107 |   7797 |    310 |   1464 |   4801 |   4 | 2026.8 |
  Orcish Mines |   2466 |   1874 |    592 |    110 |   1356 |   2 | 1233.0 |
   Elven Halls |   7809 |   7091 |    718 |   2472 |   3050 |   3 | 2603.0 |
        Vaults |  15691 |  14883 |    808 |   5693 |   6802 |   5 | 3138.2 |
        Depths |  11280 |   9372 |   1908 |   2805 |   4326 |   4 | 2820.0 |
          Hell |   2789 |   2484 |    305 |   1133 |    746 |   1 | 2789.0 |
           Dis |   9958 |   9714 |    244 |   4277 |   1975 |   7 | 1422.6 |
       Gehenna |   8886 |   8545 |    341 |   4135 |   2121 |   7 | 1269.4 |
       Cocytus |   7297 |   7246 |     51 |   3007 |   2783 |   7 | 1042.4 |
      Tartarus |   3384 |   3165 |    219 |   1590 |   1055 |   5 |  676.8 |
           Zot |  12614 |  11993 |    621 |   6052 |   3662 |   5 | 2522.8 |
        Bazaar |    136 |    136 |      0 |      0 |      0 |   1 |  136.0 |
       Ossuary |   1029 |   1029 |      0 |    744 |     79 |   1 | 1029.0 |
      Ice Cave |   1590 |   1590 |      0 |    546 |    513 |   1 | 1590.0 |
      Gauntlet |   1767 |   1767 |      0 |   1135 |    242 |   1 | 1767.0 |
               +--------+--------+--------+--------+--------+-----+--------+

Top non-repeatable levels by time:
   Dis:7: 6203 daAuts
   Zot:5: 4300 daAuts
Vaults:2: 4143 daAuts
   Coc:7: 4052 daAuts
   Geh:7: 4015 daAuts
Vaults:1: 3716 daAuts
   Elf:2: 3714 daAuts
   Zot:1: 3647 daAuts
Depths:3: 3637 daAuts
  Lair:5: 3536 daAuts
Vaults:4: 3273 daAuts
Shoals:4: 3186 daAuts
Depths:1: 3079 daAuts
Depths:2: 2840 daAuts
  Lair:3: 2824 daAuts
